 Dungeon Crawl Stone Soup version 0.18-a0-596-g6468885 (webtiles) character file.

174 4thArraOfDagon the Shield-Bearer (level 5, -20/42 HPs)
             Began as a Formicid Fighter on Dec 3, 2015.
             Demolished by an ogre
             ... wielding a +0 giant spiked club
              (24 damage)
             ... on level 6 of the Dungeon.
             The game lasted 00:02:00 (299 turns).

4thArraOfDagon the Shield-Bearer (Formicid Fighter)  Turns: 299, Time: 00:02:00

Health: -20/42     AC:  7    Str: 22    XL:     5   Next: 84%
Magic:  5/5        EV:  9    Int:  7    God:
Gold:   33         SH:  9    Dex: 10    Spells: 0 memorised, 4 levels left

rFire  . . .     SeeInvis +     a - +0 war axe
rCold  . . .     Clarity  .     b - +0 scale mail
rNeg   . . .     SustAt   .     c - +0 shield
rPois  .         Gourm    .     (helmet unavailable)
rElec  .         Spirit   .     (no cloak)
rCorr  .         Dismiss  .     (no gloves)
rMut   .         Stasis   +     (no boots)
MR     .....                    (no amulet)
Stlth  ..........               (no ring)
                                (no ring)

@: not resistant to hostile enchantments, extremely unstealthy
A: permanent stasis, dig shafts and tunnels, four strong arms, antennae 3
a: Dig, Shaft Self


You were on level 6 of the Dungeon.
You were not hungry.

You visited 1 branch of the dungeon, and saw 8 of its levels.

You collected 33 gold pieces.

Inventory:

Hand Weapons
 a - a +0 war axe (weapon)
Armour
 b - a +0 scale mail (worn)
 c - a +0 shield (worn)
Scrolls
 h - 2 scrolls of identify {unknown}
Comestibles
 e - a bread ration


   Skills:
 + Level 4.0 Fighting
 * Level 3.4 Axes
 + Level 4.0 Armour
 + Level 1.7 Dodging
 + Level 4.4 Shields


You had 4 spell levels left.
You didn't know any spells.

Dungeon Overview and Level Annotations

Branches:
Dungeon (9/15)
 Temple: D:4-7         Lair: D:8-11         Orc: D:9-12

Altars:


Innate Abilities, Weirdness & Mutations

You are under a permanent stasis effect.
You can dig through walls and to a lower floor.
Your four strong arms can wield two-handed weapons with a shield.
You have a pair of large antennae on your head (SInv).


Message History

Unknown command.
Unknown command.
You hit the ogre.
The ogre is moderately wounded.
You block the ogre's attack.
Unknown command.
Unknown command.
You completely miss the ogre.
The ogre is moderately wounded.
The ogre closely misses you.
Unknown command.
Unknown command.
You aren't carrying any items that can be evoked.
Unknown command.
Your scale mail prevents you from hitting the ogre.
The ogre is moderately wounded.
You block the ogre's attack.
The ogre hits you with a giant spiked club!!
Ouch! That really hurt!
You die...

>###### ......# .[....#
......## .###...# .#
#...# .###...#
...#...#################
.#.........(..sO@......#
...........###########.#
.#.#######.# .... #.#
..## #.# .. #.# #. #.#
.. #.# .#


You could see an ogre and a scorpion.

Vanquished Creatures
  A black bear (D:9)
  A killer bee (D:8)
  A jelly (D:8)
  A giant gecko (D:3)
  A goblin (D:1)
  A hobgoblin (D:1)
  2 kobolds
  A quokka (D:9)
  4 jackals (D:1)
  2 rats
15 creatures vanquished.

Vanquished Creatures (others)
  A fungus (D:9)
  A plant (D:9)
2 creatures vanquished.

Grand Total: 17 creatures vanquished

Notes
Turn   | Place    | Note
--------------------------------------------------------------
     0 | D:1      | 4thArraOfDagon the Formicid Fighter began the quest for the Orb.
     0 | D:1      | Reached XP level 1. HP: 18/18 MP: 1/1
    17 | D:1      | Reached XP level 2. HP: 20/24 MP: 2/2
    78 | D:1      | You fall through a shaft!
    83 | D:2      | You fall through a shaft!
   100 | D:3      | You fall through a shaft for 2 floors!
   100 | D:5      | Entered Level 5 of the Dungeon
   100 | D:5      | Noticed a scorpion
   103 | D:5      | You fall through a shaft for 3 floors!
   110 | D:8      | Reached skill level 1 in Dodging
   110 | D:8      | Reached skill level 4 in Shields
   110 | D:8      | Reached XP level 3. HP: 18/29 MP: 3/3
   118 | D:9      | Noticed a black bear
   123 | D:9      | Killed a black bear
   123 | D:9      | Reached XP level 4. HP: 33/37 MP: 4/4
   123 | D:9      | Reached XP level 5. HP: 37/42 MP: 5/5
   135 | D:9      | Noticed a porcupine
   136 | D:9      | Noticed a yak
   137 | D:9      | Noticed a crocodile
   209 | D:8      | Noticed a hippogriff
   219 | D:8      | Noticed a wasp
   265 | D:6      | Noticed an ogre
   268 | D:6      | Noticed a phantom
   299 | D:6      | Demolished by an ogre

Vault maps used:
D:1:      saegor_arrival_simple_a
D:3:      old_standard_altar, first_bread, nrook_uturn
D:5:      serial_shops, shop
D:6:      serial_shops, shop, grunt_decor_resistance, hangedman_decor_points
D:7:      grunt_temple_overflow_open, temple_statues
D:8:      enter_bailey_2, uniq_grum, uniq_pikel, uniq_psyche, uniq_maurice
D:9:      minmay_lair_entry_grove

Action                   |  1- 3 |  4- 6 || total
-------------------------+-------+-------++-------
Melee: War axe           |    31 |    22 ||    53
Throw: Throwing net      |       |     1 ||     1
 Abil: Shaft Self        |     4 |       ||     4
  Use: Potion            |     2 |     3 ||     5
